Map: Ulrena

Players

Xandros - Winner!

  • Race: Zerg Zerg

IA (Muy difícil) 1

  • Race: Terran Terran

VOD

Have the link to the VOD?

Description

Time

  • Played on: Nov. 20, 2015, 9:02 a.m.
  • Length: 13:38
Show
View Real Time Build Order
Export as new Build Order

Xandros Zerg - Winner!

Build Orders: Pool First 

Get SALT Encoding   

  12  0:06  Drone  
  14  0:14  Drone  
  14  0:29  Spawning Pool  
  14  0:31  Drone  
  14  0:40  Overlord  
  14  0:58  Drone  
  14  1:01  Drone  
  14  1:03  Drone  
  17  1:20  Hatchery  
  17  1:24  Queen  
  18  1:34  Drone  
  18  1:35  Zergling x4  
  21  1:40  Extractor  
  20  1:49  Drone  
  21  1:56  Drone  
  22  2:13  Overlord  
  22  2:30  Roach Warren, Queen  
  22  2:32  Drone  
  22  2:34  Drone  
  22  2:36  Extractor  
  24  2:44  Drone  
  24  2:45  Drone x4  
  29  2:55  Queen  
  31  3:00  Drone  
  31  3:03  Drone  
  33  3:16  Queen  
  33  3:19  Drone  
  36  3:23  Overlord  
  36  3:32  Overlord  
  36  4:19  Drone x2  
  38  4:24  Zergling x6  
  38  4:25  Zergling x6  
  38  4:30  Roach x4  
  52  4:52  Lair  
  52  5:07  Evolution Chamber  
  51  5:16  Overlord x3  
  51  5:23  Drone  
  51  5:28  Extractor  
  51  5:52  Roach  
  51  5:53  Roach x6  
  51  5:54  Roach  
  67  6:01  Drone x2  
  67  6:02  Drone  
  70  6:13  Zerg Ground Armor Level 1  
  70  6:15  Glial Reconstitution  
  70  6:23  Metabolic Boost, Hydralisk Den  
  69  6:26  Drone x2  
  71  6:39  Hatchery  
  70  6:52  Lurker Den  
  70  6:56  Hydralisk  
  70  6:57  Hydralisk x2  
  70  6:59  Overlord x3  
  70  7:00  Overlord  
  76  7:04  Overseer  
  76  7:41  Hydralisk x3  
  76  7:42  Hydralisk x3  
  76  7:43  Hydralisk x3  
  76  7:44  Hydralisk x2  
  98  8:06  Ravager x3  
  71  8:35  Roach  
  71  8:36  Roach x4  
  71  8:37  Roach x4  
  89  8:54  Zergling x6  
  89  8:55  Zergling x2  
  93  9:10  Lurker x3  
  63  9:44  Zergling x8  
  63  9:45  Zergling x10  
  72  10:02  Zerg Ground Armor Level 2  
  72  10:05  Muscular Augments  
  71  10:09  Drone x3  
  71  10:10  Drone x3  
  73  10:31  Extractor  
  66  10:38  Extractor  
  64  10:44  Roach x3  
  64  10:45  Roach x6  
  64  10:46  Roach x2  
  85  11:12  Zergling x4  
  85  11:13  Zergling x10  
  92  12:46  Infestation Pit  
  91  13:28  Spire  
Show
View Real Time Build Order
Export as new Build Order

IA (Muy difícil) 1 Terran 

Build Orders: Bio Tank, MMM Bio 

Get SALT Encoding   

  12  0:00  SCV  
  13  0:13  SCV  
  14  0:20  Supply Depot  
  14  0:25  SCV  
  15  0:41  SCV  
  16  0:47  Barracks  
  16  0:53  SCV  
  17  1:06  SCV  
  18  1:17  Supply Depot  
  18  1:18  SCV  
  19  1:20  Refinery  
  19  1:30  SCV  
  20  1:34  Marine  
  21  1:42  SCV  
  22  1:52  Barracks, Marine  
  23  1:54  SCV  
  23  1:55  Refinery  
  24  2:03  Supply Depot  
  24  2:06  SCV  
  25  2:09  Marine  
  26  2:18  SCV  
  27  2:26  Factory  
  27  2:27  Marine  
  28  2:30  SCV  
  29  2:38  Marine  
  29  2:42  SCV  
  31  2:45  Marine  
  32  2:54  SCV  
  32  2:56  Marine  
  34  3:03  Marine  
  35  3:07  SCV, Barracks  
  36  3:14  Marine  
  36  3:19  SCV  
  38  3:22  Factory Tech Lab, Barracks Tech Lab  
  38  3:31  SCV  
  38  3:33  Supply Depot, Barracks Tech Lab  
  39  3:55  SCV, Stimpack, Marine x2  
  42  4:04  Combat Shields  
  42  4:07  SCV  
  43  4:19  SCV  
  44  4:25  Supply Depot  
  45  4:31  SCV  
  45  4:41  Marauder  
  45  4:42  Supply Depot, Barracks Reactor  
  47  4:46  SCV, Barracks  
  47  4:47  Marauder  
  47  4:49  Starport  
  47  4:51  Command Center  
  50  5:03  Marauder  
  52  5:07  Marine  
  52  5:08  Orbital Command  
  53  5:23  Marine  
  53  5:25  Starport Reactor, Marine  
  53  5:26  Marauder  
  57  5:29  Supply Depot  
  57  5:39  Siege Tank  
  57  5:42  Marauder  
  62  5:51  Marauder  
  64  5:57  Supply Depot  
  64  6:03  SCV x2, Marauder  
  68  6:11  Siege Tank  
  71  6:12  Marauder  
  71  6:15  SCV  
  71  6:16  SCV  
  75  6:25  Marauder  
  77  6:27  SCV  
  77  6:28  SCV  
  77  6:32  Concussive Shells  
  79  6:34  Marauder  
  79  6:38  Supply Depot  
  79  6:39  SCV  
  82  6:41  SCV  
  82  6:43  Siege Tank  
  85  6:51  SCV  
  85  6:53  SCV  
  87  6:57  Refinery  
  87  7:03  SCV  
  87  7:04  Supply Depot  
  87  7:07  Engineering Bay  
  88  7:08  Command Center  
  90  7:15  Hellion  
  90  7:30  Supply Depot  
  90  7:34  Terran Infantry Weapons Level 1  
  92  7:37  Hellion  
  92  7:38  Engineering Bay  
  92  7:39  Orbital Command  
  92  7:44  Missile Turret  
  92  7:47  Missile Turret  
  92  7:49  Medivac  
  94  7:53  Medivac  
  94  7:55  Marine  
  94  7:57  Marine  
  94  7:58  Hellion  
  100  8:02  Supply Depot  
  100  8:04  Terran Infantry Armor Level 1  
  100  8:08  Armory  
  94  8:15  Marauder  
  94  8:16  Marine  
  94  8:18  Marine  
  94  8:19  Siege Tank  
  86  8:20  Marine  
  86  8:22  Marine  
  70  8:32  SCV  
  70  8:34  SCV  
  69  8:35  Marauder  
  69  8:36  Marine x2  
  69  8:38  Marine  
  69  8:40  Marine  
  71  8:46  SCV  
  71  8:47  SCV  
  73  8:49  SCV  
  73  8:52  Hellion  
  73  8:54  Marine, Marauder  
  79  8:55  Marine  
  79  8:56  Terran Vehicle Weapons Level 1  
  79  8:58  SCV  
  79  9:00  SCV  
  79  9:01  SCV, Marine  
  84  9:05  Marine  
  85  9:10  SCV  
  85  9:12  SCV, Marine  
  85  9:13  SCV  
  85  9:14  Marauder  
  85  9:15  Marine  
  83  9:22  SCV  
  83  9:23  Marine  
  77  9:26  Marine  
  77  9:31  Marine  
  71  9:33  Marauder  
  71  9:35  Marine  
  66  9:40  SCV  
  66  9:41  Marine  
  66  9:44  Marine  
  53  9:48  Marine  
  38  9:53  SCV, Marauder  
  38  9:54  Marine  
  38  9:59  Marine  
  36  10:21  Marine  
  37  10:23  Marine x2  
  37  10:34  Marine  
  37  10:35  Marine  
  32  10:39  Marauder  
  32  10:41  Marine  
  32  10:42  Marine  
  35  10:43  SCV  
  35  10:46  SCV  
  30  10:51  Marine  
  30  10:53  Marine  
  30  10:55  SCV  
  28  10:59  Marauder  
  28  11:01  Command Center  
  28  11:03  Marauder  
  16  11:21  Marauder  
  16  11:25  SCV  
  16  11:26  SCV  
  13  11:37  SCV  
  10  11:59  Starport Tech Lab  
  10  12:11  SCV  
  11  12:22  Command Center  
  11  12:23  SCV  
  12  12:31  Supply Depot  
  12  12:35  SCV  
  13  12:47  SCV  
  14  12:57  Barracks  
Tags
 
Composition
Bio TankMMM Bio
Matchup
TvZ
Opening
Pool First
Add a new tag
Caveats
  • Supply blocks, unpowered buildings, or Contaminate may cause inaccurate times.
  • Supply counts are checked every 10 seconds.